 Dungeon Crawl Stone Soup version 0.23.2-40-g277498a001 (webtiles) character file.

Game seed: 15222085198047551258

602 Hylith the Shield-Bearer (level 7, -1/60 HPs)
             Began as a Ghoul Fighter on Sept 24, 2019.
             Was a Follower of Makhleb.
             Slain by an orc priest
             ... wielding a +0 short sword of speed
              (3 damage)
             ... on level 4 of the Dungeon.
             The game lasted 00:07:05 (3294 turns).

Hylith the Shield-Bearer (Ghoul Fighter)            Turns: 3294, Time: 00:07:06

Health: -1/60      AC: 12    Str: 22    XL:     7   Next: 41%
Magic:  6/6        EV:  7    Int:  3    God:    Makhleb [*.....]
Gold:   115        SH:  9    Dex:  8    Spells: 6/6 levels left

rFire    . . .     SeeInvis .   a - +0 war axe
rCold    + . .     Gourm    .   c - +0 shield
rNeg     + + +     Faith    .   b - +0 scale mail
rPois    ∞         Spirit   .   (no helmet)
rElec    .         Reflect  .   e - +0 cloak
rCorr    .         Harm     .   v - +2 pair of gloves
MR       .....                  o - +0 pair of boots
Stlth    ..........             (no amulet)
HPRegen  0.00/turn              (no ring)
MPRegen  0.10/turn              (no ring)

@: rotting
A: rotting body, claws 1, carnivore, cold resistance 1, negative energy
resistance 3, inhibited regeneration, torment resistance, unbreathing
a: Renounce Religion


You were on level 4 of the Dungeon.
You worshipped Makhleb.
Makhleb was aware of your devotion.
You were not hungry.

You visited 1 branch of the dungeon, and saw 4 of its levels.

You collected 115 gold pieces.

Inventory:

Hand Weapons
 a - a +0 war axe (weapon)
Missiles
 x - 8 tomahawks of dispersal (quivered)
Armour
 b - a +0 scale mail (worn)
 c - a +0 shield (worn)
 e - a +0 cloak (worn)
 o - a +0 pair of boots (worn)
 v - a +2 pair of gloves (worn)
Wands
 w - a wand of iceblast (10)
Scrolls
 g - a scroll of fog {unknown}
 j - 5 scrolls of identify {unknown}
 m - a scroll of amnesia {unknown}
 n - a scroll of remove curse {unknown}
 p - a scroll of teleportation {unknown}
 q - a scroll of enchant weapon {unknown}
 r - 2 scrolls of fear {unknown}
 t - a scroll of enchant armour {unknown}
Potions
 d - 2 potions of might
 h - 2 potions of heal wounds {unknown}
 i - a potion of cancellation
 k - a potion of magic {unknown}
 l - 4 potions of curing {unknown}
 s - a potion of lignification {unknown}
 u - a potion of resistance
Comestibles
 f - 4 rations
 z - 4 chunks of flesh


   Skills:
 + Level 4.7 Fighting
 * Level 4.4 Axes
 + Level 3.9 Armour
 * Level 4.9 Shields


You had 6 spell levels left.
You didn't know any spells.
Your spell library was empty.

Dungeon Overview and Level Annotations

Branches:
Dungeon (4/15)
 Temple: D:4-7

Altars:
Makhleb
Sif Muna
Wu Jian


Innate Abilities, Weirdness & Mutations

Your body is rotting away.
You thrive on raw meat.
You are immune to poison.
You have sharp fingernails.
You are carnivorous and can eat meat at any time.
Your flesh is cold resistant. (rC+)
You are immune to negative energy. (rN+++)
You do not regenerate when monsters are visible.
You are immune to unholy pain and torment.
You can survive without breathing.


Message History

* * * LOW HITPOINT WARNING * * *
The orc hits you.
* * * LOW HITPOINT WARNING * * *
The orc hits you with a +0 dagger.
* * * LOW HITPOINT WARNING * * *
You hit the orc.
You kill the orc!
Makhleb accepts your kill.
You closely miss the orc. You barely miss the orc. The orc closely misses you.
The orc hits you but does no damage.
You slash the orc!
You kill the orc!
Makhleb accepts your kill.
You hit the orc. You block the orc's attack. x2
It was a potion of cancellation.
Your magical effects are unravelling.
You feel magically purged.
You are no longer corroded.
The orc priest hits you with a +0 short sword of speed.
You die...

#..#.. #....
..... #... #..##
### ####...##
..+ +..oo)..# ##
#@..# #..## #.##
#.##### #+#
#.....# #.#
#####.# ### #.#
#.#
..#####.########
#.#
#..............#
#.#


You could see an orc priest and an orc.

Vanquished Creatures
  The ghost of Jabberih the Firebug, an amateur DrFE of Vehumet (D:3)
  A scorpion (D:4)
  A howler monkey (D:4)
  A crimson imp (D:2)
  An orc priest (D:3)
  An orc wizard (D:4)
  Ijyb (D:3)
  Natasha (thrice) (D:3)
  A killer bee zombie (D:3)
  A hound skeleton (D:4)
  3 gnolls (D:4)
  6 adders
  An ooze (D:2)
  A worm (D:2)
  4 dart slugs (D:1)
  A leopard gecko (D:1)
  9 orcs
  2 giant cockroaches
  3 goblins
  8 hobgoblins
  3 jackals (D:2)
  A quokka (D:2)
  6 bats
  3 frilled lizards
  9 kobolds
  5 rats
77 creatures vanquished.

Notes
Turn   | Place    | Note
-------+----------+-------------------------------------------
     0 | D:1      | Hylith the Ghoul Fighter began the quest for the Orb.
     0 | D:1      | Reached XP level 1. HP: 19/19 MP: 0/0
   115 | D:1      | Reached XP level 2. HP: 21/26 MP: 1/1
   485 | D:1      | Reached XP level 3. HP: 29/31 MP: 2/2
   765 | D:2      | Found a burning altar of Makhleb.
   777 | D:2      | Reached XP level 4. HP: 31/40 MP: 3/3
   783 | D:2      | Became a worshipper of Makhleb the Destroyer
  1486 | D:3      | Reached XP level 5. HP: 46/46 MP: 4/4
  1571 | D:3      | Noticed Ijyb
  1612 | D:3      | Killed Ijyb
  1682 | D:3      | Noticed Natasha
  1695 | D:3      | Killed Natasha
  1695 | D:3      | Reached XP level 6. HP: 28/52 MP: 5/5
  1738 | D:3      | Reached * piety under Makhleb
  1947 | D:3      | Found a deep blue altar of Sif Muna.
  2209 | D:3      | Found a runed translucent door.
  2210 | D:3      | Noticed Jabberih's ghost (amateur DrFE)
  2395 | D:3      | Found an ornate altar of the Wu Jian Council.
  2567 | D:3      | Killed Jabberih's ghost
  2674 | D:3      | Noticed Natasha
  2682 | D:3      | Killed Natasha
  2944 | D:3      | Noticed Natasha
  2954 | D:3      | Killed Natasha
  2954 | D:3      | Reached XP level 7. HP: 42/59 MP: 6/6
  3291 | D:4      | HP: 3/60 [orc (1)]
  3294 | D:4      | Slain by an orc priest

Skill      XL: |  1  2  3  4  5  6 |
---------------+-------------------+-----
Axes           | 2 3 4 |  4.4
Shields        | 3 4 |  4.9
Armour         | 3 |  3.9
Fighting       | 4 |  4.7

Action                   |  1- 3 |  4- 6 |  7- 9 || total
-------------------------+-------+-------+-------++-------
Melee: War axe           |    85 |   192 |    37 ||   314
  Use: Potion            |       |       |     1 ||     1
  Eat: Chunk             |     4 |     6 |     1 ||    11
Armor: Scale mail        |    36 |   110 |    13 ||   159
Dodge: Dodged            |    31 |    74 |    11 ||   116
Block: Shield            |    46 |   101 |    20 ||   167
